AoeStats
← Juan El Gigante

MegaRandom

503160189Analyzed
1v1 RM · 1mo ago on Aug 30, 2026· 27m 12s· 2 players
Game mode
Random Map
Map size
Tiny (2 player)
Population
200
Speed
Normal
Resources
Standard
Victory
Conquest
Starting age
Dark Age
Ending age
Imperial Age
RankedLock teamsTeams togetherTeam positionsShared explorationLock speedFull tech treeHidden civsTurbo modeCheats
Victory
Defeat
🇪🇪 Franks · Estonia
1650
+16
🇦🇷 Burgundians · Argentina
1644
-16
Juan El Gigante
6:28 Fishing Lines
9:24 Double-Bit Axe
11:52 Feudal Age
10:41 Loom
22:42 Castle Age
22:32 Scale Barding Armor
23:08 Bow Saw
25:06 Gold Mining
Supersonic Rocketship
7:25 Loom
10:39 Feudal Age
11:18 Double-Bit Axe
19:05 Castle Age
16:29 Man-at-Arms
17:37 Stone Mining
20:16 Fletching
23:17 Scale Barding Armor
24:07 Wheelbarrow
25:07 Forging
Connection lost

Rejoining the realm…

Still unreachable

The connection could not be restored.

Session expired

The server has moved on; the page needs a fresh start.